[Event "Late-Titled-Tuesday-Blitz-March-19-2024"]
[Site "Chess.com"]
[Date "2024.03.19"]
[Round "5"]
[White "Keks2017"]
[Black "MightyMike_009"]
[Result "1-0"]
[WhiteElo "2590"]
[BlackElo "2765"]
[TimeControl "180+1"]
[EndTime "14:57:12 PDT"]
[Termination "Keks2017 won by resignation"]

1. e4 e5 2. Nf3 Nc6 3. Bb5 a6 4. Ba4 Nf6 5. d3 b5 6. Bb3 Bc5 7. c3 d6 8. O-O h6 9. Nbd2 O-O 10. Re1 Bb6 11. Nf1 Ne7 12. Ng3 c5 13. h3 Be6 14.
Nh4 Qd7 15. Qf3 c4 16. dxc4 bxc4 17. Bc2 Ng4 18. Re2 Ng6 19. Nhf5 Nxf2 20. Rxf2 Bxf2+ 21. Qxf2 d5 22. Nh5 dxe4 23. Nfxg7 f5 24. Bxh6 Rf7 25. Nxe6 Qxe6 26. Bg5 Raf8 27. Rd1 Kh7 28. Qe2 Qb6+ 29. Kh1 Qb7 30. Ng3 Nf4 31. Bxf4 exf4 32. Qh5+ Kg8 33. Qg5+ Rg7 34. Qxf4 Qc7 35. Nh5 Qxf4 36. Nxf4 Rc8 37. Ba4 Kh8 38. Kg1 Rb8 39. b3 Rg3 40. Ne2 Rd3 41.
Rf1 Rf8 42. bxc4 Re3 43. Nd4 f4 44. Ne6 Rf6 45. Nxf4 Rxc3 46. Bb3 Kh7 47. Nd5 Rxf1+ 48. Kxf1 Rc1+ 49. Kf2 a5 50. Nf6+ Kh6 51. Nxe4 a4 52. Nd2 axb3 53. axb3 Kg5 54. Ke3 Kh4 55. Kd3 Kg3 56.
b4 Kxg2 57. b5 Kxh3 58. Ne4 Kg4 59. c5 Kf5 60. Nc3 Ke6 61. Kc4 Kd7 62. Kb4 Kc7 63. Nd5+ Kb8 64. c6 Rc2 65. Ka5 Rc5 66. Nf6 Ka7 67.
Ne4 Re5 68. Nd6 Rc5 69. Nc8+ Kb8 70. Nb6 Kc7 71. Na4 Rc1 72. Kb4 Rb1+ 73. Kc4 Rc1+ 74. Nc3 Rc2 75. Kb4 Rb2+ 76. Kc5 Rc2 77. b6+ Kc8 78. Kb4 Rb2+ 79. Ka5 Rb3 80. Nb5 Rb1 81. Nd6+ Kd8 82. c7+ Kd7 83. c8=Q+ Kxd6 84. Qc7+ Kd5 85. b7 Ra1+ 86. Kb4 Rb1+ 87. Ka3 Rxb7 88. Qxb7+ Kc5 89. Kb3 Kd4 90. Qb4+ Ke3 91. Qc4 Kf2 92. Qd3 Kg1 93.
Qe2 Kh1 94. Kc3 1-0

[Event "Late-Titled-Tuesday-Blitz-March-19-2024"]
[Site "Chess.com"]
[Date "2024.03.19"]
[Round "5"]
[White "masnyszachistaaa"]
[Black "kriscacco"]
[Result "1/2-1/2"]
[WhiteElo "2558"]
[BlackElo "2116"]
[TimeControl "180+1"]
[EndTime "14:57:16 PDT"]
[Termination "Game drawn by agreement"]

1. Nf3 g6 2. d4 Bg7 3. Nbd2 c5 4.
dxc5 Na6 5. Nb3 Qc7 6. e4 Nxc5 7. Nxc5 Qxc5 8. c3 d6 9. Bd3 Nf6 10. Be3 Qc6 11. Nd4 Qc7 12. h3 O-O 13. O-O b6 14.
Re1 Bb7 15. Bg5 h6 16. Bh4 Rfe8 17. a4 a6 18. Bg3 e5 19. Nc2 d5 20. exd5 Nxd5 21.
Qg4 Kh7 22. Rad1 Rad8 23. Qc4 f5 24. Qxc7 Nxc7 25. f3 Bc6 26. b3 Bd5 27. c4 Bc6 28. Bf1 Rxd1 29. Rxd1 Bf8 30. Bf2 Bc5 31. Bxc5 bxc5 32.
Rd6 Re6 33. Rd8 e4 34. fxe4 Bxe4 35. Ne3 Ne8 36. Nd5 h5 37. Rd7+ Kh6 38. Nf4 Rb6 39. Bd3 Nf6 40. Rd8 Rxb3 41. Bxe4 fxe4 42. Rg8 Kh7 43. Rxg6 Nd7 44. Rd6 Ne5 45. Re6 Nxc4 46. Rxe4 Nb6 47. Re5 c4 48. Rxh5+ Kg7 49. a5 Nd7 50.
Rd5 Nf6 51. Rc5 c3 52. Ne2 Ne4 53. Rc4 Rb1+ 54. Kh2 Nd2 55. Rxc3 Nf1+ 56. Kg1 Ng3+ 57. Kf2 Ne4+ 58. Ke3 Nxc3 59. Nxc3 Ra1 60. g4 Rxa5 61. Kd4 Ra3 62. Kc4 Kh6 63. h4 Ra1 64. Kb4 Re1 65. Ka5 Re6 66. Na4 Re4 67. Nb6 Rxg4 68. Kxa6 Rxh4 69. Kb5 Kg6 70. Kc5 Kf6 71. Nd5+ Ke5 72. Nc3 Rh8 73. Kc4 Rd8 74. Nb5 Rc8+ 75. Kd3 Rc5 76. Nc3 Ra5 77. Ne2 Ra3+ 78. Nc3 Rb3 79. Kc4 Rb8 80. Kd3 Rc8 81. Ne2 Kd5 82. Nc3+ Kc5 83.
Ne4+ Kb4 84. Kd4 Rd8+ 85. Ke5 Kc4 86. Nd6+ Kc5 87. Ne4+ Kc6 88. Nf6 1/2-1/2

[Event "Late-Titled-Tuesday-Blitz-March-19-2024"]
[Site "Chess.com"]
[Date "2024.03.19"]
[Round "5"]
[White "VanRommel28"]
[Black "chess94cu"]
[Result "0-1"]
[WhiteElo "2498"]
[BlackElo "2647"]
[TimeControl "180+1"]
[EndTime "14:57:55 PDT"]
[Termination "chess94cu won by resignation"]

1. d4 Nf6 2. Nf3 d6 3. Nc3 Nbd7 4. e4 c6 5. a4 Qa5 6. Bd3 e5 7.
O-O Be7 8. Re1 O-O 9. Bd2 Qc7 10. dxe5 dxe5 11. Bc4 a5 12. Qe2 Nc5 13. Bg5 Be6 14. h3 h6 15. Be3 Nh5 16. Bxe6 Nxe6 17. g3 Nf6 18. Qc4 Bb4 19. Nh4 Ne8 20. Nf5 Nd6 21. Nxd6 Qxd6 22. Rad1 Qe7 23. Bb6 Ra6 24. Be3 Raa8 25.
Rf1 Rad8 26. Bb6 Rd7 27. Rxd7 Qxd7 28. Rd1 Qc8 29. Ne2 Ng5 30. h4 Nf3+ 31. Kg2 Qg4 32. Bd8 Kh7 33. c3 Rxd8 34. Rxd8 Nxh4+ 35. Kh2 Nf3+ 36. Kg2 Ng5 37. Ng1 Be7 38. Rd3 b5 39. axb5 cxb5 40.
Qd5 h5 41. f3 Qc8 42. Qxe5 Bf6 43. Qf5+ Qxf5 44. exf5 Kh6 45. Rd5 b4 46. c4 a4 47.
Ra5 Bxb2 48. Rxa4 Bc3 49. Ra6+ f6 50. Rb6 Nf7 51. c5 Bd4 52. Rb5 Ne5 53. Rxb4 Bxc5 54. Rb7 Bxg1 55. Kxg1 Nxf3+ 56. Kf2 Nd4 57. Rd7 Nxf5 58.
Kf3 Kg6 59. Rd5 Nh6 60. Ra5 Nf7 61. Kf4 Ng5 62. Rb5 Ne6+ 63. Ke3 Nf8 64. Rb6 Nd7 65. Ra6 Kf5 66. Ra4 Ne5 67. Rd4 g5 68.
Ra4 Ng6 69. Kf3 Ne5+ 70. Ke3 Ke6 71. Ra6+ Kf7 72. Ra7+ Kg6 73. Ra4 Nf7 74. Ke4 Nd6+ 75. Kd5 Nf5 76. Ra3 g4 77. Ke6 Nd4+ 78. Kd5 Nf3 79. Ke6 Kg5 80. Ra5+ Kg6 81. Ra8 Ng5+ 82. Ke7 Kf5 83. Rf8 Ne4 84. Rh8 Nxg3 85. Rh6 Kg5 86.
Rxf6 Nf5+ 87. Ke6 Nd4+ 88. Ke5 Nf3+ 89. Ke6 h4 90. Rf8 h3 91. Rg8+ Kf4 92. Kf6 h2 93.
Rh8 g3 94. Ke6 g2 0-1

[Event "Late-Titled-Tuesday-Blitz-March-19-2024"]
[Site "Chess.com"]
[Date "2024.03.19"]
[Round "6"]
[White "amanmuhammethommadov"]
[Black "Kimkibo"]
[Result "1-0"]
[WhiteElo "2650"]
[BlackElo "2297"]
[TimeControl "180+1"]
[EndTime "15:00:55 PDT"]
[Termination "amanmuhammethommadov won by resignation"]

1. e4 c5 2. Nc3 Nc6 3. Bb5 Nd4 4.
Bc4 e6 5. Nge2 Nf6 6. O-O a6 7. a4 d5 8. exd5 exd5 9. Nxd5 Nxd5 10. Nxd4 cxd4 11. Qh5 Be6 12. Re1 Nf4 13. Rxe6+ Nxe6 14. Bxe6 Qe7 15. Bc4 Qe1+ 16. Bf1 Be7 17. b3 O-O 18. Bb2 Qxd2 19. Bd3 g6 20. Qe5 Rfe8 21. Qxd4 f6 22. Bc4+ 1-0

[Event "Late-Titled-Tuesday-Blitz-March-19-2024"]
[Site "Chess.com"]
[Date "2024.03.19"]
[Round "6"]
[White "Kostukov_Alex"]
[Black "kleber2007"]
[Result "0-1"]
[WhiteElo "2282"]
[BlackElo "2492"]
[TimeControl "180+1"]
[EndTime "15:01:20 PDT"]
[Termination "kleber2007 won by resignation"]

1. g3 c5 2. c4 g6 3. Bg2 Bg7 4.
Nf3 Nc6 5. O-O d6 6. Nc3 e6 7. e3 Nge7 8. d4 O-O 9. d5 Na5 10.
Qd3 Rb8 11. Bd2 a6 12. dxe6 Bxe6 13. b3 Nac6 14. Rad1 d5 15. Nxd5 Nxd5 16. cxd5 Qxd5 17. Nd4 Qd7 0-1

[Event "Late-Titled-Tuesday-Blitz-March-19-2024"]
[Site "Chess.com"]
[Date "2024.03.19"]
[Round "6"]
[White "Inepton_Fermion"]
[Black "ZachHKL"]
[Result "1-0"]
[WhiteElo "2472"]
[BlackElo "2207"]
[TimeControl "180+1"]
[EndTime "15:01:25 PDT"]
[Termination "Inepton_Fermion won by resignation"]

1. Nf3 d5 2. g3 Nf6 3. Bg2 Bf5 4. O-O e6 5. c4 c6 6. b3 Be7 7. Bb2 O-O 8. d3 Nbd7 9. Nbd2 Bg6 10. Qe1 Bd6 11.
e4 dxe4 12. dxe4 e5 13. Nh4 Nc5 14. Nxg6 hxg6 15. Qe2 Qe7 16. Rad1 Ne6 17. Nf3 Nd7 18. Qd2 Nd4 19. Bxd4 exd4 20. Qxd4 1-0

[Event "Late-Titled-Tuesday-Blitz-March-19-2024"]
[Site "Chess.com"]
[Date "2024.03.19"]
[Round "6"]
[White "IMRosen"]
[Black "Arlo2024"]
[Result "1-0"]
[WhiteElo "2621"]
[BlackElo "2304"]
[TimeControl "180+1"]
[EndTime "15:01:26 PDT"]
[Termination "IMRosen won by resignation"]

1. d4 Nf6 2. Bf4 c5 3. e3 cxd4 4. exd4 d6 5. Nf3 g6 6. Nbd2 Bg7 7. Bc4 O-O 8. O-O Nc6 9. c3 a6 10. a4 Na5 11. Ba2 b5 12. axb5 axb5 13. b4 Nc6 14.
Bxf7+ Rxf7 15. Rxa8 Nd5 16. Be3 Nxc3 17. Qb3 Ne2+ 18.
Kh1 Nexd4 19. Nxd4 Nxd4 20. Bxd4 Bxd4 21. Rc1 1-0

[Event "Late-Titled-Tuesday-Blitz-March-19-2024"]
[Site "Chess.com"]
[Date "2024.03.19"]
[Round "6"]
[White "VitaliyBernadskiy"]
[Black "Leo_C"]
[Result "1-0"]
[WhiteElo "2889"]
[BlackElo "2656"]
[TimeControl "180+1"]
[EndTime "15:01:50 PDT"]
[Termination "VitaliyBernadskiy won by resignation"]

1. Nf3 Nf6 2. c4 e6 3. g3 d5 4. Bg2 d4 5. O-O Nc6 6. d3 Bc5 7. Nbd2 O-O 8. Nb3 Be7 9. e3 dxe3 10. Bxe3 Ng4 11. Bc5 Bxc5 12. Nxc5 b6 13. Nd2 Nge5 14.
Ncb3 Bb7 15. d4 Ng6 16. Ne4 Rb8 17. h4 h6 18. Re1 Nge7 19. Nc3 Nf5 20. d5 exd5 21.
Nxd5 Nce7 22. Nxe7+ Nxe7 23. Qxd8 1-0

[Event "Late-Titled-Tuesday-Blitz-March-19-2024"]
[Site "Chess.com"]
[Date "2024.03.19"]
[Round "6"]
[White "RodokininEV"]
[Black "Blitzstream"]
[Result "0-1"]
[WhiteElo "2677"]
[BlackElo "2842"]
[TimeControl "180+1"]
[EndTime "15:02:08 PDT"]
[Termination "Blitzstream won by resignation"]

1. e4 c5 2. Nf3 d6 3. c3 g6 4.
Bb5+ Bd7 5. Qe2 Bg7 6. O-O Nf6 7. e5 dxe5 8. Nxe5 O-O 9. Nxd7 Nbxd7 10. d4 cxd4 11. cxd4 Nb6 12. Nc3 a6 13. Bd3 e6 14.
Be3 Nbd5 15. Bd2 Rc8 16. Rac1 Qb6 17. Nxd5 Nxd5 18. Be4 Qxb2 19. Rb1 Qxa2 20. Rxb7 Nc3 0-1

[Event "Late-Titled-Tuesday-Blitz-March-19-2024"]
[Site "Chess.com"]
[Date "2024.03.19"]
[Round "6"]
[White "inagreV"]
[Black "masnyszachistaaa"]
[Result "0-1"]
[WhiteElo "2390"]
[BlackElo "2563"]
[TimeControl "180+1"]
[EndTime "15:02:22 PDT"]
[Termination "masnyszachistaaa won by checkmate"]

1. e4 e5 2. Nf3 Nc6 3. Bc4 Bc5 4. O-O Nf6 5. d3 d6 6. c3 Bb6 7. a4 a6 8. Re1 h6 9. Nbd2 O-O 10. h3 Re8 11. b4 Be6 12. Qc2 d5 13. exd5 Bxd5 14. Bb2 Qd7 15. Rad1 Qf5 16. Bxd5 Nxd5 17. Nc4 Nf4 18. Nxb6 cxb6 19. Re3 Rac8 20. Qb3 Re6 21. c4 Rg6 22. Ne1 Nxh3+ 23. Kf1 Qxf2# 0-1

[Event "Late-Titled-Tuesday-Blitz-March-19-2024"]
[Site "Chess.com"]
[Date "2024.03.19"]
[Round "6"]
[White "andjela_djidjika"]
[Black "Fore_Man"]
[Result "0-1"]
[WhiteElo "2136"]
[BlackElo "2281"]
[TimeControl "180+1"]
[EndTime "15:02:22 PDT"]
[Termination "Fore_Man won by resignation"]

1. e4 c5 2. Nf3 g6 3. c3 d5 4.
exd5 Qxd5 5. Be2 Nc6 6. O-O Bg7 7. Na3 Nf6 8. Bc4 Qd8 9. Bxf7+ Kxf7 10. d4 cxd4 11.
cxd4 Re8 12. Bg5 Kg8 13. Nc4 Bg4 14. Qb3 Qd5 15. Rad1 Bxf3 16. Bxf6 Bxg2 17. Rfe1 Bh1 0-1

[Event "Late-Titled-Tuesday-Blitz-March-19-2024"]
[Site "Chess.com"]
[Date "2024.03.19"]
[Round "6"]
[White "miraitrunks"]
[Black "egnfanclub"]
[Result "0-1"]
[WhiteElo "2173"]
[BlackElo "2388"]
[TimeControl "180+1"]
[EndTime "15:02:26 PDT"]
[Termination "egnfanclub won by resignation"]

1. e4 e5 2. Nf3 Nc6 3. d4 exd4 4. Nxd4 Bc5 5. Nb3 Bb6 6. Qe2 Nge7 7. Be3 d6 8. Nc3 O-O 9. O-O-O f5 10. Kb1 f4 11.
Bxb6 axb6 12. Nd4 Nxd4 13. Rxd4 Nc6 14. Qc4+ Kh8 15. Rd2 Ne5 16. Qd4 Be6 17. a3 Qe7 18. Nd5 Qf7 19. Be2 b5 20. Qc3 c6 21. Nb4 Rfd8 22. Rhd1 Qe7 23. Qd4 c5 24. Qxd6 Rxd6 25.
Rxd6 cxb4 0-1

[Event "Late-Titled-Tuesday-Blitz-March-19-2024"]
[Site "Chess.com"]
[Date "2024.03.19"]
[Round "6"]
[White "Roedor"]
[Black "Boorchess"]
[Result "1-0"]
[WhiteElo "2312"]
[BlackElo "2537"]
[TimeControl "180+1"]
[EndTime "15:02:27 PDT"]
[Termination "Roedor won by resignation"]

1. c4 e5 2. g3 h5 3. h4 Bc5 4.
Bg2 d6 5. Nc3 a5 6. e3 Nc6 7.
Nge2 Bg4 8. f3 Bd7 9. d4 Ba7 10. O-O Nge7 11. Kh2 Ng6 12. f4 Nxh4 13. gxh4 Qxh4+ 14. Kg1 exd4 15. Nxd4 Nxd4 16. exd4 O-O-O 17. Be3 Rde8 18. Qf3 Bc6 19. Qh3+ Qxh3 20. Bxh3+ Kb8 21. Bf2 g5 22. fxg5 Rhg8 23. d5 Rxg5+ 24. Kh2 1-0

[Event "Late-Titled-Tuesday-Blitz-March-19-2024"]
[Site "Chess.com"]
[Date "2024.03.19"]
[Round "6"]
[White "Cluke86"]
[Black "ATM622"]
[Result "0-1"]
[WhiteElo "2323"]
[BlackElo "2505"]
[TimeControl "180+1"]
[EndTime "15:02:33 PDT"]
[Termination "ATM622 won by checkmate"]

1. e4 c6 2. Nf3 d5 3. d3 dxe4 4. dxe4 Qxd1+ 5. Kxd1 g6 6. a4 Nf6 7. Nfd2 Bg7 8. f3 O-O 9. Bc4 Nbd7 10. c3 Ne5 11.
Kc2 Rd8 12. Na3 Nxc4 13. Ndxc4 Be6 14. Bf4 b6 15. Rhd1 Nd7 16. Rd2 f5 17. Rad1 fxe4 18. Bc7 exf3 19. gxf3 Bf5+ 20. Kb3 Nc5+ 21. Ka2 Rxd2 22.
Rxd2 Rc8 23. Bg3 Nxa4 24. Ne5 Be6+ 25. Kb1 Bh6 26. Re2 Rd8 27. Nxc6 Rd1+ 28. Kc2 Rc1+ 29. Kd3 Nc5+ 30. Kd4 Rd1+ 31. Ke5 Rd5# 0-1

[Event "Late-Titled-Tuesday-Blitz-March-19-2024"]
[Site "Chess.com"]
[Date "2024.03.19"]
[Round "6"]
[White "ChessSwole"]
[Black "yaguigor"]
[Result "1/2-1/2"]
[WhiteElo "2694"]
[BlackElo "2579"]
[TimeControl "180+1"]
[EndTime "15:02:34 PDT"]
[Termination "Game drawn by repetition"]

1. d4 d5 2. c4 c6 3. Nf3 Nf6 4. Qc2 dxc4 5. Qxc4 Bf5 6. g3 e6 7. Bg2 Nbd7 8. O-O Be7 9. e3 O-O 10. Qe2 Qc7 11. Nc3 e5 12. e4 Bg4 13. Be3 exd4 14. Bxd4 Bc5 15. Bxc5 Nxc5 16. Qc4 Ncd7 17. Nd5 Nxd5 18.
exd5 Bxf3 19. Bxf3 Ne5 20. Qf4 Nxf3+ 21. Qxf3 cxd5 22.
Qxd5 Rad8 23. Qf3 Qb6 24. b3 Rd2 25. Rfd1 Rfd8 26. Rxd2 Rxd2 27. Rd1 Rxd1+ 28. Qxd1 g6 29. Qd5 h5 30. h4 Qc7 31. Kg2 a6 32. b4 Qe7 33. a3 Kg7 34. Qd4+ Kg8 35. Qd5 Kg7 36. Qd4+ Kg8 37. Qd5 1/2-1/2

[Event "Late-Titled-Tuesday-Blitz-March-19-2024"]
[Site "Chess.com"]
[Date "2024.03.19"]
[Round "6"]
[White "DeTimmerman"]
[Black "nihalsarin"]
[Result "0-1"]
[WhiteElo "2758"]
[BlackElo "3160"]
[TimeControl "180+1"]
[EndTime "15:02:35 PDT"]
[Termination "nihalsarin won by resignation"]

1. b4 g6 2. Bb2 Nf6 3. c4 Bg7 4.
a4 O-O 5. e3 a5 6. b5 d6 7. Nf3 e5 8. Be2 Re8 9. d4 exd4 10. Nxd4 Nbd7 11. O-O Nc5 12. Nd2 b6 13. Bf3 Bb7 14. Nc6 Qd7 15. Bd4 Nfe4 16. Nxe4 Nxe4 17. Bxg7 Kxg7 18. Qd4+ Nf6 19. Rad1 Qf5 20. Ne7 Rxe7 21. Bxb7 Rd8 22. e4 Qe5 23. Qxe5 Rxe5 24. f3 Nd7 25. Bd5 Nc5 26. Ra1 Rde8 27. g4 f5 28. exf5 gxf5 29. f4 Re3 30. gxf5 Kf6 31. Be6 Nxe6 32. fxe6 R8xe6 33. Rf2 Rc3 34. Rg2 Rxc4 35. Rg8 Ree4 36. Rc8 Rxf4 37.
Re1 Kf7 38. Ree8 Rxa4 39. Rh8 Kg7 40. Rhg8+ Kh6 41. Rxc7 Rg4+ 42. Rxg4 Rxg4+ 43. Kf2 Rb4 44. Rc6 Rxb5 45. Rxd6+ Kg7 0-1

[Event "Late-Titled-Tuesday-Blitz-March-19-2024"]
[Site "Chess.com"]
[Date "2024.03.19"]
[Round "6"]
[White "schondeln"]
[Black "AGW2016"]
[Result "0-1"]
[WhiteElo "2383"]
[BlackElo "2548"]
[TimeControl "180+1"]
[EndTime "15:02:45 PDT"]
[Termination "AGW2016 won by resignation"]

1. e4 c5 2. Nf3 d6 3. Bc4 Nf6 4. d3 g6 5. O-O Bg7 6. c3 O-O 7. Bb3 Nc6 8. h3 e5 9. Re1 Qc7 10. Nbd2 Rb8 11. a4 a6 12. Nf1 b5 13. axb5 axb5 14.
d4 cxd4 15. cxd4 Re8 16. Ng3 exd4 17. Bf4 Be6 18. Rc1 Qd7 19. e5 dxe5 20. Nxe5 Nxe5 21.
Bxe5 Bxb3 22. Qxb3 Rbc8 23. Bxf6 Bxf6 24. Ne4 Bg7 25.
Nc5 Rxe1+ 0-1

[Event "Late-Titled-Tuesday-Blitz-March-19-2024"]
[Site "Chess.com"]
[Date "2024.03.19"]
[Round "6"]
[White "Englishman_18"]
[Black "AccioChess"]
[Result "0-1"]
[WhiteElo "2289"]
[BlackElo "2493"]
[TimeControl "180+1"]
[EndTime "15:02:45 PDT"]
[Termination "AccioChess won by resignation"]

1. Nf3 c5 2. c4 Nc6 3. Nc3 g6 4. e3 Bg7 5. d4 cxd4 6. exd4 d6 7. d5 Nb8 8. Be2 Bg4 9. O-O Nf6 10. h3 Bxf3 11.
Bxf3 O-O 12. Re1 Nbd7 13. Bd2 Rc8 14. b3 a6 15. a4 Nc5 16. b4 Nd3 17. Re3 Ne5 18.
c5 Nxf3+ 19. Qxf3 dxc5 20. b5 Nxd5 21. Qxd5 Qxd5 22. Nxd5 Bxa1 23. Nxe7+ Kg7 24. Nxc8 Rxc8 25. bxa6 bxa6 26. Bc3+ Bxc3 27. Rxc3 Kf6 28. h4 Ke5 29.
Kf1 Kd4 30. Re3 c4 31. Re1 c3 32. Ke2 Re8+ 33. Kd1 Rxe1+ 34. Kxe1 Kc4 35. Kd1 Kb3 36. Kc1 Kxa4 37. Kc2 Kb4 0-1

[Event "Late-Titled-Tuesday-Blitz-March-19-2024"]
[Site "Chess.com"]
[Date "2024.03.19"]
[Round "6"]
[White "MightyMike_009"]
[Black "Vadim_Galchenko"]
[Result "1-0"]
[WhiteElo "2770"]
[BlackElo "2604"]
[TimeControl "180+1"]
[EndTime "15:02:48 PDT"]
[Termination "MightyMike_009 won by resignation"]

1. d4 d5 2. c4 Nc6 3. Nc3 dxc4 4. e3 e5 5. d5 Nce7 6. Bxc4 Ng6 7. Nf3 a6 8. h4 Bd6 9. h5 N6e7 10. e4 Bg4 11. Be2 h6 12. Be3 Nf6 13. Nd2 Bxe2 14. Qxe2 Qd7 15. f3 b5 16. a4 b4 17. Ncb1 c6 18. Nc4 Bc7 19. d6 Bxd6 20. Nb6 Qb7 21. Nxa8 Qxa8 22.
Nd2 O-O 23. Nc4 Bc7 24. O-O-O Rb8 25. b3 Qb7 26. g4 Nh7 27. Rd7 Nc8 28. Na5 Qa8 29.
Rxc7 1-0

[Event "Late-Titled-Tuesday-Blitz-March-19-2024"]
[Site "Chess.com"]
[Date "2024.03.19"]
[Round "6"]
[White "AndreyNeves"]
[Black "Airquake"]
[Result "0-1"]
[WhiteElo "2121"]
[BlackElo "2636"]
[TimeControl "180+1"]
[EndTime "15:02:51 PDT"]
[Termination "Airquake won by resignation"]

1. d4 f6 2. e4 Kf7 3. Nf3 g6 4. Nc3 Kg7 5. Be3 d6 6. Qd2 Nd7 7. Bc4 e5 8. dxe5 Nxe5 9. Nxe5 fxe5 10. O-O-O h5 11. f3 Be7 12. g4 hxg4 13. fxg4 Bxg4 14. Rdf1 Nf6 15. Rhg1 Bh5 16. Rg5 Rf8 17. Rfg1 Kh7 18. Qg2 Qe8 19. Rg3 c6 20. Be6 Rd8 21. Rh3 d5 22.
Qg5 Ng4 23. Rxh5+ gxh5 24. Bf5+ Kh8 25. Qg6 Qxg6 26. Bxg6 d4 27. Bh6 Nxh6 0-1

[Event "Late-Titled-Tuesday-Blitz-March-19-2024"]
[Site "Chess.com"]
[Date "2024.03.19"]
[Round "6"]
[White "LeninGuerra"]
[Black "finec2"]
[Result "1-0"]
[WhiteElo "2670"]
[BlackElo "2243"]
[TimeControl "180+1"]
[EndTime "15:02:54 PDT"]
[Termination "LeninGuerra won by resignation"]

1. e4 c5 2. Nf3 e6 3. b4 cxb4 4. a3 bxa3 5. Bxa3 Bxa3 6. Nxa3 d6 7. Bd3 Nf6 8. O-O O-O 9. Qe2 Nc6 10. c3 b6 11.
Rfb1 Bb7 12. Bc2 Qe7 13. d4 Rfc8 14. Nb5 Na5 15. e5 dxe5 16. dxe5 Nd5 17. Nd6 Rxc3 18.
Rxa5 Nf4 19. Qd2 Rxc2 20. Qxf4 Bxf3 21. Qxf3 Rd8 22. Raa1 f5 23. h3 g5 24. Qb3 Rc5 25. Nxf5 Qe8 26. Rxa7 Rxe5 27. Nh6+ Kf8 28. Rf7+ Qxf7 29.
Nxf7 Kxf7 30. Qxb6 1-0

[Event "Late-Titled-Tuesday-Blitz-March-19-2024"]
[Site "Chess.com"]
[Date "2024.03.19"]
[Round "6"]
[White "jefferyx"]
[Black "TenisMaster"]
[Result "1-0"]
[WhiteElo "3094"]
[BlackElo "2857"]
[TimeControl "180+1"]
[EndTime "15:03:05 PDT"]
[Termination "jefferyx won by resignation"]

1. d4 Nf6 2. c4 e6 3. Nc3 Bb4 4.
Nf3 b6 5. Qb3 a5 6. a3 a4 7. Qc2 Bxc3+ 8. Qxc3 Bb7 9. e3 d6 10.
Be2 Nbd7 11. O-O O-O 12. Rd1 Ne4 13. Qc2 f5 14. Ne1 Qh4 15. Nd3 Ndf6 16. f3 Ng5 17. Bd2 Kh8 18. Be1 Qh6 19. Nf4 Nh5 20. Nxh5 Qxh5 21.
f4 Nh3+ 22. gxh3 Qxh3 23. Bf1 Qg4+ 24. Bg2 Bf3 25. Rdc1 Rf6 26. Bg3 h5 27. Rf1 Bxg2 28. Qxg2 Rg6 29. Qxa8+ 1-0

[Event "Late-Titled-Tuesday-Blitz-March-19-2024"]
[Site "Chess.com"]
[Date "2024.03.19"]
[Round "6"]
[White "Masterisback04"]
[Black "balack95"]
[Result "1-0"]
[WhiteElo "1955"]
[BlackElo "2446"]
[TimeControl "180+1"]
[EndTime "15:03:05 PDT"]
[Termination "Masterisback04 won by resignation"]

1. e4 d5 2. exd5 Qxd5 3. Nc3 Qe5+ 4. Be2 c6 5. d4 Qc7 6. Bf3 Nf6 7. Nge2 e6 8. O-O Bd6 9. h3 O-O 10. Re1 e5 11.
Bg5 Nbd7 12. d5 h6 13. Bh4 Rb8 14. Ng3 Nxd5 15. Bxd5 cxd5 16. Nf5 Nf6 17. Nb5 Qb6 18. Nbxd6 g5 19. Nxh6+ Kh7 20. Nxc8 Rbxc8 21. Bxg5 Ne4 22.
Be3 Qg6 23. Ng4 f6 24. Qxd5 Rfd8 25. Qxe4 1-0

[Event "Late-Titled-Tuesday-Blitz-March-19-2024"]
[Site "Chess.com"]
[Date "2024.03.19"]
[Round "6"]
[White "chessamical"]
[Black "rodp92"]
[Result "0-1"]
[WhiteElo "2274"]
[BlackElo "2486"]
[TimeControl "180+1"]
[EndTime "15:03:06 PDT"]
[Termination "rodp92 won on time"]

1. d4 g6 2. e4 c6 3. Nc3 d5 4. e5 Bg7 5. h4 h5 6. Nh3 Nh6 7. Ng5 Nf5 8. Bd3 O-O 9. Ne2 c5 10. c3 Nc6 11. e6 Bxe6 12. Nxe6 fxe6 13. Nf4 cxd4 14. Nxg6 dxc3 15. Nxf8 Qxf8 16. Qe2 Qf7 17. O-O Ncd4 18. Qe1 Nxh4 19. bxc3 Ndf3+ 0-1

[Event "Late-Titled-Tuesday-Blitz-March-19-2024"]
[Site "Chess.com"]
[Date "2024.03.19"]
[Round "6"]
[White "KuzubovYuriy"]
[Black "IMchanged"]
[Result "1-0"]
[WhiteElo "2910"]
[BlackElo "2665"]
[TimeControl "180+1"]
[EndTime "15:03:07 PDT"]
[Termination "KuzubovYuriy won by resignation"]

1. d4 Nf6 2. c4 c5 3. d5 b5 4.
Nf3 b4 5. b3 d6 6. Bb2 g6 7. Nbd2 Bg7 8. g3 O-O 9. Bg2 a5 10. a4 e5 11. dxe6 fxe6 12. O-O Ra7 13. Qc2 Nc6 14. Rad1 Qe8 15. Ne4 Nxe4 16. Bxg7 Rxg7 17.
Qxe4 Qd7 18. Qd3 Rd8 19. Ng5 Bb7 20. Qe3 Re8 21. Ne4 Nd4 1-0

[Event "Late-Titled-Tuesday-Blitz-March-19-2024"]
[Site "Chess.com"]
[Date "2024.03.19"]
[Round "6"]
[White "Kopytkin"]
[Black "C_K_G"]
[Result "1-0"]
[WhiteElo "2423"]
[BlackElo "2200"]
[TimeControl "180+1"]
[EndTime "15:03:13 PDT"]
[Termination "Kopytkin won on time"]

1. e4 c5 2. d4 cxd4 3. c3 dxc3 4. Nxc3 d6 5. Nf3 a6 6. Bc4 e6 7. O-O Ne7 8. Bg5 h6 9. Bh4 Qc7 10. Qe2 Nd7 11. Rac1 Qb8 12. Nd4 Ne5 13. Bb3 N7g6 14. Bg3 Be7 15. f4 Nc6 16. Nxc6 bxc6 17. f5 exf5 18. exf5 Ne5 19. Ne4 Bd7 20. Rcd1 O-O 21. Bxe5 dxe5 22. Rxd7 Bd8 23. f6 g6 24. Qg4 1-0

[Event "Late-Titled-Tuesday-Blitz-March-19-2024"]
[Site "Chess.com"]
[Date "2024.03.19"]
[Round "6"]
[White "ArchibaldCerveza29"]
[Black "santosalberto1987"]
[Result "1/2-1/2"]
[WhiteElo "2367"]
[BlackElo "2548"]
[TimeControl "180+1"]
[EndTime "15:03:16 PDT"]
[Termination "Game drawn - insufficient material"]

1. e4 e6 2. d4 d5 3. Bd3 dxe4 4. Bxe4 Nf6 5. Bf3 Bd6 6. Ne2 O-O 7. O-O e5 8. Nbc3 Nbd7 9. Bg5 h6 10. Bh4 Re8 11. dxe5 Nxe5 12. Nd4 Nxf3+ 13. Nxf3 Bf5 14. Nb5 Bf4 15.
Qxd8 Raxd8 16. Bxf6 gxf6 17. g3 Bd6 18. Nxd6 Rxd6 19.
c3 Re2 20. Nd4 Re5 21. Nxf5 Rxf5 22. Rfd1 Rfd5 23. Rxd5 Rxd5 24. Kf1 Rd2 25. Rb1 Rc2 26. a4 Kg7 27. h4 Kg6 28. Kg2 Kf5 29. Kf3 a5 30.
g4+ Kg6 31. Ke3 h5 32. f3 f5 33. g5 Rh2 34. b4 Rxh4 35. bxa5 Rxa4 36. Rxb7 Rxa5 37.
Rxc7 Kxg5 38. Rxf7 Rc5 39. Kd4 Rc8 40. Rh7 h4 41. c4 Kf4 42. Rxh4+ Kxf3 43. c5 f4 44. Rh7 Rf8 45. c6 Ke2 46. Kd5 f3 47. Kd6 f2 48.
Rh2 Ke1 49. Rxf2 Kxf2 50. c7 Ke3 51. Kd7 Kd4 52. c8=Q Rxc8 53. Kxc8 1/2-1/2

[Event "Late-Titled-Tuesday-Blitz-March-19-2024"]
[Site "Chess.com"]
[Date "2024.03.19"]
[Round "6"]
[White "Hikaru"]
[Black "mbachez"]
[Result "1-0"]
[WhiteElo "3250"]
[BlackElo "2647"]
[TimeControl "180+1"]
[EndTime "15:03:19 PDT"]
[Termination "Hikaru won by resignation"]

1. Nf3 Nf6 2. b3 d5 3. Bb2 Bf5 4. d3 e6 5. Nh4 Bg6 6. Nxg6 hxg6 7. g3 a5 8. a3 Nbd7 9. Bg2 c6 10. e3 Bd6 11.
Nd2 O-O 12. h4 Qe7 13. g4 Ne5 14. g5 Nh5 15. d4 Nd7 16. Bf3 a4 17. b4 e5 18.
Bxh5 gxh5 19. Qxh5 Qe6 20. Rg1 exd4 21. Bxd4 Be5 22. Nf3 g6 23. Qh6 Qf5 24. Nxe5 Nxe5 25. O-O-O Rae8 26. f4 f6 27. gxf6 1-0